Little Stars vs Heat
Created - March 8, 2024 at 20:14
Goals
|
| Little Stars |
0 |
3 |
3 |
1 |
7 |
| Heat |
1 |
1 |
4 |
0 |
6 |
|
Shots
|
| Little Stars |
11 |
13 |
15 |
1 |
40 |
| Heat |
13 |
6 |
22 |
1 |
42 |
|
1st period
1. Heat , Barclay Goodrow 12 (Ryan Spooner 24) at 3:13
Penalties :
Collin Miller (Tex) for Goalie Interference (Minor) at 7:26
2nd period
2. Little Stars , Matt Luff 11 (Shane Gersich 23, Jason Dickinson 29) at 4:05
3. Heat , Nico Sturm 25 (Jesper Bratt 33) at 7:03 (PP)
4. Little Stars , Jason Dickinson 29 (Collin Miller 3, Shane Gersich 24) at 15:35
5. Little Stars , Joakim Nygard 23 (Daniel O'regan 59, Ilya Mikheyev 51) at 18:38 (PP)
Penalties :
Evan Bouchard (Tex) for Holding (Minor) at 6:44, Evgeny Svechnikov (Sto) for Boarding (Minor) at 18:13, Nico Sturm (Sto) for Roughing (Minor) at 19:00
3rd period
6. Little Stars , Jason Dickinson 30 (Matt Luff 28) at 0:53 (PP)
7. Heat , Nico Sturm 26 (Petteri Lindbohm 14, Evgeny Svechnikov 38) at 1:20
8. Heat , Rasmus Andersson 12 (Tage Thompson 8, Petteri Lindbohm 15) at 3:31
9. Little Stars , Evan Bouchard 3 (Jason Dickinson 30, Reece Willcox 34) at 13:45 (PP)
10. Heat , Jesper Bratt 15 (Rasmus Andersson 51, Evgeny Svechnikov 39) at 16:20 (PP)
11. Heat , Vitali Kravtsov 9 (Rasmus Andersson 52, Tage Thompson 9) at 17:39
12. Little Stars , Wiley Sherman 7 (Daniel O'regan 60, Collin Miller 4) at 19:18
Penalties :
Nico Sturm (Sto) for Cross-checking (Minor) at 3:32, Brandon Hickey (Sto) for Interference (Minor) at 9:23, Jesper Bratt (Sto) for High sticking (Minor) at 12:39, Filip Chytil (Tex) for Goalie Interference (Minor) at 15:53
Overtime #1
13. Little Stars , Joakim Nygard 24 (Jason Dickinson 31) at 0:51
Penalties :
No Penalty
Goalie Stats
Danil Tarasov (Tex), 36 saves from 42 shots - (0.857), W, 9-6-2, 60:26 minutes
Vitek Vanecek (Sto), 33 saves from 40 shots - (0.825), OTL, 3-2-4, 60:51 minutes
Players Stats for Little Stars
Player Name G A P +/- PIM S H SB GA TA FO MP PP MP PK MP
------------------------------------------------------------------------------------
Cal Burke 0 0 0 -1 0 1 2 0 1 0 0/0 9:08 0:00 0:00
Collin Miller 0 2 2 2 2 4 2 0 0 0 0/0 28:41 5:04 0:35
Connor Mackey 0 0 0 -1 0 0 0 0 1 1 0/0 12:12 0:00 0:50
Daniel O'regan 0 2 2 -1 0 2 1 0 0 0 20/38 23:22 4:16 1:38
Emile Poirier 0 0 0 0 0 0 0 0 1 0 1/1 12:52 0:03 0:21
Evan Bouchard 1 0 1 -1 2 2 2 0 0 0 0/0 19:13 2:18 1:19
Filip Chytil 0 0 0 -1 2 2 1 0 0 0 0/3 9:29 0:00 0:22
Ilya Mikheyev 0 1 1 -1 0 3 0 1 1 0 3/4 20:49 4:16 0:00
Jason Dickinson 2 3 5 2 0 6 2 0 1 0 4/12 16:16 3:06 0:35
Joakim Nygard 2 0 2 0 0 3 1 1 0 0 0/2 22:08 4:13 1:49
Jonathan Dahlen 0 0 0 -1 0 2 0 1 0 0 0/0 9:08 0:00 0:00
Justin Auger 0 0 0 0 0 0 0 1 0 0 0/0 11:33 0:00 0:00
Lawrence Pilut 0 0 0 -1 0 1 1 1 0 2 0/0 12:36 0:00 0:50
Matt Luff 1 1 2 1 0 4 1 0 1 0 1/1 15:56 3:06 0:00
Radel Fazleev 0 0 0 0 0 2 0 0 0 0 3/9 11:33 0:00 0:00
Reece Willcox 0 1 1 -1 0 2 1 3 0 2 0/0 18:33 2:18 0:12
Shane Gersich 0 2 2 1 0 4 2 0 0 0 1/1 16:14 3:06 0:45
Wiley Sherman 1 0 1 1 0 2 1 1 2 1 0/0 30:02 5:04 1:44
Players Stats for Heat
Player Name G A P +/- PIM S H SB GA TA FO MP PP MP PK MP
------------------------------------------------------------------------------------
Barclay Goodrow 1 0 1 0 0 2 2 0 1 1 1/1 19:05 0:53 4:58
Brandon Hickey 0 0 0 1 2 1 0 0 0 1 0/0 16:02 0:25 1:25
Christian Jaros 0 0 0 1 0 0 1 1 0 1 0/0 13:32 0:00 2:24
Eric Karlsson 0 0 0 -1 0 2 1 1 1 0 2/2 12:41 0:00 0:50
Erik Brannstrom 0 0 0 -2 0 3 1 0 0 1 0/0 17:45 1:33 0:00
Evgeny Svechnikov 0 2 2 0 2 6 1 0 0 0 1/3 18:23 1:52 0:00
Frank Corrado 0 0 0 -2 0 3 4 2 1 0 0/0 18:09 0:47 0:59
Jesper Bratt 1 1 2 -1 2 5 3 0 0 0 0/1 17:20 1:52 1:34
Nico Sturm 2 0 2 -1 4 5 1 0 0 0 16/34 19:41 1:52 0:44
Peter Cehlarik 0 0 0 0 0 2 0 1 0 1 8/13 21:47 0:00 4:58
Petteri Lindbohm 0 2 2 2 0 1 0 1 0 0 0/0 28:18 0:47 4:58
Rasmus Andersson 1 2 3 1 0 6 4 2 0 1 0/0 27:40 1:58 4:58
Ryan Donato 0 0 0 -1 0 4 1 0 1 0 6/10 14:45 0:53 1:37
Ryan Spooner 0 1 1 0 0 1 2 0 0 0 3/5 14:10 0:53 0:03
Tage Thompson 0 2 2 2 0 0 2 0 1 1 0/0 8:13 0:00 0:00
Taylor Raddysh 0 0 0 -1 0 0 0 0 0 1 0/0 11:09 0:00 0:00
Vitali Kravtsov 1 0 1 2 0 1 1 0 1 0 0/0 8:13 0:00 0:00
Vladislav Kamenev 0 0 0 2 0 0 0 0 0 0 1/2 8:13 0:00 0:00
3 Stars
1 - Jason Dickinson (Tex)
2 - Rasmus Andersson (Sto)
3 - Joakim Nygard (Tex)
Power Play
Little Stars - 3 on 5 Attempt(s) - 60.00%
Heat - 2 on 3 Attempt(s) - 66.67%
Penalty Kill
Little Stars - 1 on 3 Attempt(s) - 33.33%
- Score 0 goal in Penalty Kill
Heat - 2 on 5 Attempt(s) - 40.00%
- Score 0 goal in Penalty Kill
Team Stat
Little Stars - Hits : 17 - Faceoff Wins : 33 - Blocked Shots : 9 - Penalty Minutes : 6
Heat - Hits : 24 - Faceoff Wins : 38 - Blocked Shots : 8 - Penalty Minutes : 10
Official
Referees : Conor O'Donnell and Brandon Schrader
Linesman : Shandor Alphonso and Bevan Mills
Game Notes
No Game Note
Finance
Level 1 -- Attendance: 1698 (84.90%) -- Ticket Income $118,860
Level 2 -- Attendance: 887 (88.70%) -- Ticket Income $35,480
Total Attendance: 2585 (86.17%)
Total Ticket Income: $154,340
Other Income: $7,717
Total Income: $162,057
Little Stars
5 vs 5 Forward
Center Left Wing Right Wing Time % Phy DF OF
1 Daniel O'regan Joakim Nygard Ilya Mikheyev 40 1 2 2
2 Jason Dickinson Shane Gersich Matt Luff 30 1 2 2
3 Radel Fazleev Emile Poirier Justin Auger 20 1 2 2
4 Filip Chytil Jonathan Dahlen Cal Burke 10 1 2 2
5 vs 5 Defense
Defense Defense Time % Phy DF OF
1 Wiley Sherman Collin Miller 40 1 2 2
2 Reece Willcox Evan Bouchard 30 1 2 2
3 Connor Mackey Lawrence Pilut 20 1 2 2
4 Wiley Sherman Collin Miller 10 1 2 2
PowerPlay Forward
Center Left Wing Right Wing Time % Phy DF OF
1 Daniel O'regan Joakim Nygard Ilya Mikheyev 60 1 2 2
2 Jason Dickinson Shane Gersich Matt Luff 40 1 2 2
PowerPlay Defense
Defense Defense Time % Phy DF OF
1 Wiley Sherman Collin Miller 60 1 2 2
2 Reece Willcox Evan Bouchard 40 1 2 2
Penalty Kill 4 Players Forward
Center Wing Time % Phy DF OF
1 Daniel O'regan Joakim Nygard 60 1 2 2
2 Jason Dickinson Shane Gersich 40 1 2 2
Penalty Kill 4 Players Defense
Defense Defense Time % Phy DF OF
1 Wiley Sherman Collin Miller 60 1 2 2
2 Reece Willcox Evan Bouchard 40 1 2 2
Penalty Kill - 3 Players Forward
Forward Time % Phy DF OF
1 Daniel O'regan 60 1 2 2
2 Jason Dickinson 40 1 2 2
Penalty Kill - 3 Players Defense
Defense Defense Time % Phy DF OF
1 Wiley Sherman Collin Miller 60 1 2 2
2 Reece Willcox Evan Bouchard 40 1 2 2
4 vs 4 Forward
Center Wing Time % Phy DF OF
1 Daniel O'regan Joakim Nygard 60 1 2 2
2 Jason Dickinson Shane Gersich 40 1 2 2
4 vs 4 Defense
Defense Defense Time % Phy DF OF
1 Wiley Sherman Collin Miller 60 1 2 2
2 Reece Willcox Evan Bouchard 40 1 2 2
Last Minutes Offensive
Center Left Wing Right Wing Defense Defense
Daniel O'regan Joakim Nygard Ilya Mikheyev Wiley Sherman Collin Miller
Last Minutes Defensive
Center Left Wing Right Wing Defense Defense
Daniel O'regan Joakim Nygard Ilya Mikheyev Wiley Sherman Collin Miller
Goaltenders
Starting : Danil Tarasov
Backup : Michael Houser
Extra Forwards
Normal : Shane Gersich, Matt Luff, Emile Poirier - PP : Shane Gersich, Matt Luff - PK : Shane Gersich
Extra Defensemen
Normal : Evan Bouchard, Connor Mackey, Lawrence Pilut - PP : Evan Bouchard - PK : Evan Bouchard, Connor Mackey
Penalty Shots
Ilya Mikheyev, Daniel O'regan, Joakim Nygard, Jason Dickinson, Shane Gersich
Custom OT Lines Forwards
Ilya Mikheyev, Daniel O'regan, Joakim Nygard, Jason Dickinson, Shane Gersich, Matt Luff, Emile Poirier, Justin Auger, Radel Fazleev, Jonathan Dahlen
Custom OT Lines Defensemen
Wiley Sherman, Collin Miller, Reece Willcox, Evan Bouchard, Connor Mackey
Scratches
Jack McBain (Healthy), Jean-Christophe Beaudin (Healthy), Rudolfs Balcers (Healthy), Tucker Poolman (Healthy), Ville Pokka (Groin Injury)
Yakov Trenin (Healthy), Joey Anderson (Healthy), Givani Smith (Healthy), Blade Jenkins (Healthy), Bulat Shafigullin (Healthy)
Michael Giugovaz (Healthy)
Heat
5 vs 5 Forward
Center Left Wing Right Wing Time % Phy DF OF
1 Nico Sturm Peter Cehlarik Evgeny Svechnikov 40 1 2 2
2 Ryan Spooner Jesper Bratt Barclay Goodrow 30 1 2 2
3 Ryan Donato Eric Karlsson Taylor Raddysh 20 1 2 2
4 Vladislav Kamenev Vitali Kravtsov Tage Thompson 10 1 2 2
5 vs 5 Defense
Defense Defense Time % Phy DF OF
1 Petteri Lindbohm Rasmus Andersson 40 1 2 2
2 Erik Brannstrom Frank Corrado 30 1 2 2
3 Christian Jaros Brandon Hickey 20 1 2 2
4 Petteri Lindbohm Brandon Hickey 10 1 2 2
PowerPlay Forward
Center Left Wing Right Wing Time % Phy DF OF
1 Nico Sturm Jesper Bratt Evgeny Svechnikov 60 1 2 2
2 Ryan Spooner Ryan Donato Barclay Goodrow 40 1 2 2
PowerPlay Defense
Defense Defense Time % Phy DF OF
1 Erik Brannstrom Rasmus Andersson 60 1 2 2
2 Petteri Lindbohm Frank Corrado 40 1 2 2
Penalty Kill 4 Players Forward
Center Wing Time % Phy DF OF
1 Peter Cehlarik Barclay Goodrow 60 1 2 2
2 Nico Sturm Jesper Bratt 40 1 2 2
Penalty Kill 4 Players Defense
Defense Defense Time % Phy DF OF
1 Petteri Lindbohm Rasmus Andersson 60 1 2 2
2 Christian Jaros Brandon Hickey 40 1 2 2
Penalty Kill - 3 Players Forward
Forward Time % Phy DF OF
1 Ryan Spooner 60 1 2 2
2 Barclay Goodrow 40 1 2 2
Penalty Kill - 3 Players Defense
Defense Defense Time % Phy DF OF
1 Petteri Lindbohm Rasmus Andersson 60 1 2 2
2 Christian Jaros Brandon Hickey 40 1 2 2
4 vs 4 Forward
Center Wing Time % Phy DF OF
1 Nico Sturm Jesper Bratt 60 1 2 2
2 Ryan Spooner Evgeny Svechnikov 40 1 2 2
4 vs 4 Defense
Defense Defense Time % Phy DF OF
1 Petteri Lindbohm Rasmus Andersson 60 1 2 2
2 Erik Brannstrom Frank Corrado 40 1 2 2
Last Minutes Offensive
Center Left Wing Right Wing Defense Defense
Nico Sturm Jesper Bratt Evgeny Svechnikov Erik Brannstrom Rasmus Andersson
Last Minutes Defensive
Center Left Wing Right Wing Defense Defense
Nico Sturm Peter Cehlarik Barclay Goodrow Petteri Lindbohm Rasmus Andersson
Goaltenders
Starting : Vitek Vanecek
Backup : Joel Hofer
Extra Forwards
Normal : Jesper Bratt, Peter Cehlarik, Barclay Goodrow - PP : Peter Cehlarik, Eric Karlsson - PK : Peter Cehlarik
Extra Defensemen
Normal : Petteri Lindbohm, Brandon Hickey, Christian Jaros - PP : Frank Corrado - PK : Brandon Hickey, Christian Jaros
Penalty Shots
Jesper Bratt, Evgeny Svechnikov, Peter Cehlarik, Vitali Kravtsov, Ryan Spooner
Custom OT Lines Forwards
Peter Cehlarik, Evgeny Svechnikov, Nico Sturm, Jesper Bratt, Ryan Spooner, Eric Karlsson, Ryan Donato, Taylor Raddysh, Barclay Goodrow, Vitali Kravtsov
Custom OT Lines Defensemen
Rasmus Andersson, Erik Brannstrom, Petteri Lindbohm, Frank Corrado, Brandon Hickey
Scratches
Filip Hallander (Healthy), Dominik Masin (Healthy), Skyler Brind'Amour (Healthy), John Gilmour (Healthy), Darren Raddysh (Healthy)
Tim Berni (Healthy), Ivan Chekhovich (Healthy), Trevor Carrick (Healthy), Radim Zohorna (Healthy), Demetrios Koumontzis (Healthy)
Michael Hutchinson (Healthy), Collin Delia (Healthy)
% Time on Ice - Little Stars
Lines # - Real PCT - Wanted PCT - Time Play
Normal Forward
1 - 33% - 40% - 16:33
2 - 25% - 30% - 12:23
3 - 23% - 20% - 11:33
4 - 18% - 10% - 9:08
Normal Defense
1 - 40% - 40% - 19:51
2 - 32% - 30% - 15:55
3 - 23% - 20% - 11:22
4 - 5% - 10% - 2:29
PP Forward
1 - 58% - 60% - 4:16
2 - 42% - 40% - 3:06
PP Defense
1 - 69% - 60% - 5:04
2 - 31% - 40% - 2:18
PK Forward
1 - 79% - 60% - 2:10
2 - 21% - 40% - 0:35
PK Defense
1 - 93% - 60% - 2:34
2 - 7% - 40% - 0:11
PK3 Forward
1 - 0% - 60%
2 - 0% - 40%
PK3 Defense
1 - 0% - 60%
2 - 0% - 40%
44 Forward
1 - 0% - 60%
2 - 0% - 40%
44 Defense
1 - 0% - 60%
2 - 0% - 40%
Last Minute Offensive - 0:16
Last Minute Defensive - 0:00
Total
Forward - 60:00
Defense - 60:00
|
% Time on Ice - Heat
Lines # - Real PCT - Wanted PCT - Time Play
Normal Forward
1 - 34% - 40% - 16:43
2 - 28% - 30% - 13:48
3 - 22% - 20% - 11:09
4 - 16% - 10% - 8:13
Normal Defense
1 - 40% - 40% - 19:53
2 - 33% - 30% - 16:23
3 - 21% - 20% - 10:20
4 - 7% - 10% - 3:17
PP Forward
1 - 68% - 60% - 1:52
2 - 32% - 40% - 0:53
PP Defense
1 - 72% - 60% - 1:58
2 - 28% - 40% - 0:47
PK Forward
1 - 76% - 60% - 5:34
2 - 24% - 40% - 1:48
PK Defense
1 - 67% - 60% - 4:58
2 - 33% - 40% - 2:24
PK3 Forward
1 - 0% - 60%
2 - 0% - 40%
PK3 Defense
1 - 0% - 60%
2 - 0% - 40%
44 Forward
1 - 0% - 60%
2 - 0% - 40%
44 Defense
1 - 0% - 60%
2 - 0% - 40%
Last Minute Offensive - 0:00
Last Minute Defensive - 0:00
Total
Forward - 60:00
Defense - 60:00
|
Play-by-Play
1st period
0:01 of 1st period - Daniel O'regan wins face-off versus Peter Cehlarik in neutral zone.
1:18 of 1st period - Peter Cehlarik is hit by Cal Burke and loses puck.
1:31 of 1st period - Frank Corrado is hit by Evan Bouchard and loses puck.
1:50 of 1st period - Snap shot by Jesper Bratt.
1:50 of 1st period - Stopped by Danil Tarasov with a rebound.
2:16 of 1st period - Slapshot by Vitali Kravtsov.
2:16 of 1st period - Shot Misses the Net.
3:03 of 1st period - Snap shot by Ryan Donato.
3:03 of 1st period - Stopped by Danil Tarasov with a rebound.
3:05 of 1st period - Snap shot by Frank Corrado.
3:05 of 1st period - Stopped by Danil Tarasov with a rebound.
3:07 of 1st period - Slapshot by Frank Corrado.
3:07 of 1st period - Stopped by Danil Tarasov without a rebound.
3:08 of 1st period - Ryan Spooner wins face-off versus Daniel O'regan in Little Stars zone.
3:13 of 1st period - Snap shot by Barclay Goodrow.
3:13 of 1st period - Goal by Barclay Goodrow - Little Stars : 0 - Heat : 1.
3:14 of 1st period - Daniel O'regan wins face-off versus Nico Sturm in neutral zone.
4:51 of 1st period - Backhand shot by Wiley Sherman.
4:51 of 1st period - Stopped by Vitek Vanecek with a rebound.
4:53 of 1st period - Snap shot by Cal Burke.
4:53 of 1st period - Stopped by Vitek Vanecek with a rebound.
4:55 of 1st period - Slapshot by Jonathan Dahlen.
4:55 of 1st period - Shot Misses the Net.
4:57 of 1st period - Slapshot by Collin Miller.
4:57 of 1st period - Shot Blocked by Rasmus Andersson.
5:13 of 1st period - Wrist shot by Tage Thompson.
5:13 of 1st period - Shot Misses the Net.
5:29 of 1st period - Snap shot by Filip Chytil.
5:29 of 1st period - Stopped by Vitek Vanecek without a rebound.
5:30 of 1st period - Daniel O'regan wins face-off versus Nico Sturm in Heat zone.
5:55 of 1st period - Barclay Goodrow is hit by Shane Gersich and loses puck.
6:06 of 1st period - Shane Gersich is hit by Ryan Spooner and loses puck.
6:23 of 1st period - Icing by Connor Mackey.
6:24 of 1st period - Radel Fazleev wins face-off versus Nico Sturm in Little Stars zone.
6:37 of 1st period - Snap shot by Justin Auger.
6:37 of 1st period - Shot Misses the Net.
6:39 of 1st period - Snap shot by Justin Auger.
6:39 of 1st period - Deflect By Frank Corrado.
6:39 of 1st period - Shot Blocked by Peter Cehlarik.
6:39 of 1st period - Puck is out of play.
6:40 of 1st period - Barclay Goodrow wins face-off versus Daniel O'regan in Heat zone.
7:26 of 1st period - Minor Penalty to Collin Miller for Goalie Interference.
7:27 of 1st period - Daniel O'regan wins face-off versus Jesper Bratt in Little Stars zone.
7:58 of 1st period - Erik Brannstrom is hit by Daniel O'regan and loses puck.
8:13 of 1st period - Nico Sturm is hit by Shane Gersich and loses puck.
8:26 of 1st period - Daniel O'regan is hit by Barclay Goodrow and loses puck.
9:03 of 1st period - Connor Mackey is hit by Erik Brannstrom and loses puck.
9:18 of 1st period - Barclay Goodrow is hit by Jason Dickinson and loses puck.
9:26 of 1st period - Penalty to Collin Miller is over, Collin Miller is back on ice.
9:33 of 1st period - Daniel O'regan is hit by Tage Thompson.
9:52 of 1st period - Vitali Kravtsov is hit by Reece Willcox and loses puck.
10:13 of 1st period - Matt Luff is hit by Rasmus Andersson and loses puck.
10:20 of 1st period - Snap shot by Erik Brannstrom.
10:20 of 1st period - Stopped by Danil Tarasov without a rebound.
10:21 of 1st period - Ryan Donato wins face-off versus Filip Chytil in Little Stars zone.
10:37 of 1st period - Wrist shot by Jonathan Dahlen.
10:37 of 1st period - Stopped by Vitek Vanecek with a rebound.
10:53 of 1st period - Slapshot by Evgeny Svechnikov.
10:53 of 1st period - Deflect By Nico Sturm.
10:53 of 1st period - Shot Misses the Net.
10:53 of 1st period - Puck is out of play.
10:54 of 1st period - Nico Sturm wins face-off versus Jason Dickinson in Little Stars zone.
10:55 of 1st period - Wrist shot by Evgeny Svechnikov.
10:55 of 1st period - Stopped by Danil Tarasov without a rebound.
10:56 of 1st period - Nico Sturm wins face-off versus Jason Dickinson in Little Stars zone.
11:07 of 1st period - Snap shot by Evgeny Svechnikov.
11:07 of 1st period - Deflect By Peter Cehlarik.
11:07 of 1st period - Stopped by Danil Tarasov with a rebound.
11:09 of 1st period - Snap shot by Peter Cehlarik.
11:09 of 1st period - Shot Misses the Net.
11:11 of 1st period - Wrist shot by Evgeny Svechnikov.
11:11 of 1st period - Shot Blocked by Reece Willcox.
11:13 of 1st period - Wrist shot by Nico Sturm.
11:13 of 1st period - Stopped by Danil Tarasov with a rebound.
11:27 of 1st period - Slapshot by Rasmus Andersson.
11:27 of 1st period - Stopped by Danil Tarasov with a rebound.
11:43 of 1st period - Wrist shot by Ryan Donato.
11:43 of 1st period - Shot Blocked by Joakim Nygard.
12:03 of 1st period - Evgeny Svechnikov is hit by Cal Burke and loses puck.
13:00 of 1st period - Backhand shot by Ryan Donato.
13:00 of 1st period - Stopped by Danil Tarasov without a rebound.
13:01 of 1st period - Daniel O'regan wins face-off versus Nico Sturm in Little Stars zone.
13:08 of 1st period - Peter Cehlarik is hit by Collin Miller and loses puck.
13:25 of 1st period - Shane Gersich is hit by Barclay Goodrow and loses puck.
13:41 of 1st period - Icing by Rasmus Andersson.
13:42 of 1st period - Ryan Donato wins face-off versus Radel Fazleev in Heat zone.
14:13 of 1st period - Snap shot by Peter Cehlarik.
14:13 of 1st period - Shot Blocked by Wiley Sherman.
14:27 of 1st period - Matt Luff is hit by Jesper Bratt and loses puck.
15:06 of 1st period - Connor Mackey is hit by Ryan Donato and loses puck.
15:35 of 1st period - Wrist shot by Ilya Mikheyev.
15:35 of 1st period - Shot Misses the Net.
16:09 of 1st period - Snap shot by Radel Fazleev.
16:09 of 1st period - Stopped by Vitek Vanecek with a rebound.
16:11 of 1st period - Snap shot by Reece Willcox.
16:11 of 1st period - Stopped by Vitek Vanecek without a rebound.
16:12 of 1st period - Radel Fazleev wins face-off versus Nico Sturm in Heat zone.
16:15 of 1st period - Snap shot by Justin Auger.
16:15 of 1st period - Shot Misses the Net.
16:17 of 1st period - Snap shot by Lawrence Pilut.
16:17 of 1st period - Deflect By Emile Poirier.
16:17 of 1st period - Shot Blocked by Rasmus Andersson.
16:17 of 1st period - Puck is out of play.
16:18 of 1st period - Daniel O'regan wins face-off versus Nico Sturm in Heat zone.
16:19 of 1st period - Slapshot by Joakim Nygard.
16:19 of 1st period - Shot Misses the Net.
16:21 of 1st period - Snap shot by Daniel O'regan.
16:21 of 1st period - Shot Misses the Net.
16:25 of 1st period - Slapshot by Joakim Nygard.
16:25 of 1st period - Shot Misses the Net.
16:43 of 1st period - Slapshot by Shane Gersich.
16:43 of 1st period - Deflect By Barclay Goodrow.
16:43 of 1st period - Shot Misses the Net.
16:43 of 1st period - Puck is out of play.
16:44 of 1st period - Ryan Spooner wins face-off versus Jason Dickinson in Heat zone.
16:44 of 1st period - Ryan Spooner is hit by Jason Dickinson.
16:55 of 1st period - Snap shot by Shane Gersich.
16:55 of 1st period - Stopped by Vitek Vanecek without a rebound.
16:56 of 1st period - Peter Cehlarik wins face-off versus Daniel O'regan in Heat zone.
17:25 of 1st period - Snap shot by Matt Luff.
17:25 of 1st period - Shot Misses the Net.
17:51 of 1st period - Slapshot by Collin Miller.
17:51 of 1st period - Stopped by Vitek Vanecek with a rebound.
17:53 of 1st period - Slapshot by Collin Miller.
17:53 of 1st period - Stopped by Vitek Vanecek without a rebound.
17:54 of 1st period - Daniel O'regan wins face-off versus Nico Sturm in Heat zone.
18:17 of 1st period - Icing by Nico Sturm.
18:18 of 1st period - Matt Luff wins face-off versus Nico Sturm in Heat zone.
18:29 of 1st period - Wrist shot by Shane Gersich.
18:29 of 1st period - Stopped by Vitek Vanecek with a rebound.
18:31 of 1st period - Slapshot by Lawrence Pilut.
18:31 of 1st period - Stopped by Vitek Vanecek with a rebound.
18:33 of 1st period - Wrist shot by Matt Luff.
18:33 of 1st period - Shot Misses the Net.
18:43 of 1st period - Frank Corrado is hit by Lawrence Pilut and loses puck.
18:52 of 1st period - Slapshot by Peter Cehlarik.
18:52 of 1st period - Shot Blocked by Justin Auger.
19:07 of 1st period - Snap shot by Barclay Goodrow.
19:07 of 1st period - Stopped by Danil Tarasov with a rebound.
19:35 of 1st period - Reece Willcox is hit by Ryan Spooner and loses puck.
19:40 of 1st period - Slapshot by Rasmus Andersson.
19:40 of 1st period - Stopped by Danil Tarasov without a rebound.
19:41 of 1st period - Ryan Donato wins face-off versus Jason Dickinson in Little Stars zone.
19:46 of 1st period - Snap shot by Ryan Donato.
19:46 of 1st period - Deflect By Eric Karlsson.
19:46 of 1st period - Shot Misses the Net.
19:46 of 1st period - Puck is out of play.
19:47 of 1st period - Jason Dickinson wins face-off versus Ryan Donato in Little Stars zone.
Goals for this period are 0 for Little Stars vs 1 for Heat.
Shots for this period are 11 for Little Stars vs 13 for Heat.
2nd period
0:01 of 2nd period - Nico Sturm wins face-off versus Daniel O'regan in neutral zone.
0:46 of 2nd period - Slapshot by Collin Miller.
0:46 of 2nd period - Shot Blocked by Frank Corrado.
1:57 of 2nd period - Wrist shot by Matt Luff.
1:57 of 2nd period - Stopped by Vitek Vanecek without a rebound.
1:58 of 2nd period - Nico Sturm wins face-off versus Daniel O'regan in Heat zone.
2:07 of 2nd period - Snap shot by Peter Cehlarik.
2:07 of 2nd period - Stopped by Danil Tarasov with a rebound.
2:09 of 2nd period - Snap shot by Peter Cehlarik.
2:09 of 2nd period - Shot Misses the Net.
2:11 of 2nd period - Snap shot by Evgeny Svechnikov.
2:11 of 2nd period - Stopped by Danil Tarasov with a rebound.
2:13 of 2nd period - Snap shot by Peter Cehlarik.
2:13 of 2nd period - Shot Blocked by Ilya Mikheyev.
2:25 of 2nd period - Petteri Lindbohm is hit by Evan Bouchard.
3:15 of 2nd period - Wrist shot by Cal Burke.
3:15 of 2nd period - Shot Misses the Net.
3:35 of 2nd period - Snap shot by Evgeny Svechnikov.
3:35 of 2nd period - Shot Blocked by Lawrence Pilut.
3:39 of 2nd period - Wrist shot by Peter Cehlarik.
3:39 of 2nd period - Shot Misses the Net.
3:51 of 2nd period - Slapshot by Lawrence Pilut.
3:51 of 2nd period - Shot Blocked by Christian Jaros.
3:53 of 2nd period - Wrist shot by Jason Dickinson.
3:53 of 2nd period - Stopped by Vitek Vanecek with a rebound.
3:55 of 2nd period - Snap shot by Matt Luff.
3:55 of 2nd period - Stopped by Vitek Vanecek without a rebound.
3:56 of 2nd period - Jason Dickinson wins face-off versus Ryan Spooner in Heat zone.
4:03 of 2nd period - Snap shot by Matt Luff.
4:03 of 2nd period - Stopped by Vitek Vanecek with a rebound.
4:05 of 2nd period - Snap shot by Matt Luff.
4:05 of 2nd period - Goal by Matt Luff - Little Stars : 1 - Heat : 1.
4:06 of 2nd period - Nico Sturm wins face-off versus Daniel O'regan in neutral zone.
4:09 of 2nd period - Wiley Sherman is hit by Nico Sturm and loses puck.
4:18 of 2nd period - Daniel O'regan is hit by Evgeny Svechnikov.
4:52 of 2nd period - Off-side.
4:53 of 2nd period - Emile Poirier wins face-off versus Ryan Donato in neutral zone.
5:18 of 2nd period - Ilya Mikheyev is hit by Frank Corrado and loses puck.
6:18 of 2nd period - Icing by Rasmus Andersson.
6:19 of 2nd period - Radel Fazleev wins face-off versus Vladislav Kamenev in Heat zone.
6:31 of 2nd period - Off-side.
6:32 of 2nd period - Daniel O'regan wins face-off versus Nico Sturm in neutral zone.
6:44 of 2nd period - Minor Penalty to Evan Bouchard for Holding.
6:45 of 2nd period - Daniel O'regan wins face-off versus Nico Sturm in Little Stars zone.
6:59 of 2nd period - Wrist shot by Nico Sturm.
6:59 of 2nd period - Stopped by Danil Tarasov without a rebound.
7:00 of 2nd period - Nico Sturm wins face-off versus Daniel O'regan in Little Stars zone.
7:03 of 2nd period - Slapshot by Jesper Bratt.
7:03 of 2nd period - Deflect By Nico Sturm.
7:03 of 2nd period - Goal by Nico Sturm - Little Stars : 1 - Heat : 2.
7:04 of 2nd period - Daniel O'regan wins face-off versus Nico Sturm in neutral zone.
7:29 of 2nd period - Shane Gersich is hit by Rasmus Andersson and loses puck.
8:32 of 2nd period - Snap shot by Ryan Donato.
8:32 of 2nd period - Stopped by Danil Tarasov with a rebound.
8:34 of 2nd period - Slapshot by Brandon Hickey.
8:34 of 2nd period - Deflect By Connor Mackey.
8:34 of 2nd period - Stopped by Danil Tarasov with a rebound.
8:50 of 2nd period - Off-side.
8:51 of 2nd period - Daniel O'regan wins face-off versus Nico Sturm in neutral zone.
9:16 of 2nd period - Matt Luff is hit by Jesper Bratt and loses puck.
9:39 of 2nd period - Wrist shot by Collin Miller.
9:39 of 2nd period - Shot Misses the Net.
10:13 of 2nd period - Slapshot by Evan Bouchard.
10:13 of 2nd period - Shot Misses the Net.
10:19 of 2nd period - Snap shot by Filip Chytil.
10:19 of 2nd period - Shot Misses the Net.
10:31 of 2nd period - Wrist shot by Jason Dickinson.
10:31 of 2nd period - Stopped by Vitek Vanecek with a rebound.
11:11 of 2nd period - Wrist shot by Daniel O'regan.
11:11 of 2nd period - Deflect By Rasmus Andersson.
11:11 of 2nd period - Shot Blocked by Petteri Lindbohm.
11:11 of 2nd period - Puck is out of play.
11:12 of 2nd period - Daniel O'regan wins face-off versus Ryan Donato in Heat zone.
11:25 of 2nd period - Wrist shot by Daniel O'regan.
11:25 of 2nd period - Shot Misses the Net.
11:27 of 2nd period - Slapshot by Evan Bouchard.
11:27 of 2nd period - Deflect By Daniel O'regan.
11:27 of 2nd period - Shot Blocked by Frank Corrado.
11:27 of 2nd period - Puck is out of play.
11:28 of 2nd period - Evgeny Svechnikov wins face-off versus Jason Dickinson in Heat zone.
11:57 of 2nd period - Snap shot by Radel Fazleev.
11:57 of 2nd period - Stopped by Vitek Vanecek with a rebound.
12:42 of 2nd period - Wrist shot by Shane Gersich.
12:42 of 2nd period - Stopped by Vitek Vanecek with a rebound.
12:58 of 2nd period - Reece Willcox is hit by Tage Thompson.
13:22 of 2nd period - Wiley Sherman is hit by Rasmus Andersson and loses puck.
14:07 of 2nd period - Matt Luff is hit by Vitali Kravtsov and loses puck.
14:44 of 2nd period - Icing by Ryan Donato.
14:45 of 2nd period - Daniel O'regan wins face-off versus Ryan Donato in Heat zone.
15:31 of 2nd period - Off-side.
15:32 of 2nd period - Shane Gersich wins face-off versus Nico Sturm in neutral zone.
15:35 of 2nd period - Slapshot by Collin Miller.
15:35 of 2nd period - Deflect By Jason Dickinson.
15:35 of 2nd period - Goal by Jason Dickinson - Little Stars : 2 - Heat : 2.
15:36 of 2nd period - Daniel O'regan wins face-off versus Nico Sturm in neutral zone.
15:39 of 2nd period - Rasmus Andersson is hit by Collin Miller and loses puck.
15:53 of 2nd period - Wrist shot by Evgeny Svechnikov.
15:53 of 2nd period - Shot Misses the Net.
17:14 of 2nd period - Snap shot by Peter Cehlarik.
17:14 of 2nd period - Shot Misses the Net.
17:32 of 2nd period - Evan Bouchard is hit by Jesper Bratt and loses puck.
17:54 of 2nd period - Off-side.
17:55 of 2nd period - Nico Sturm wins face-off versus Joakim Nygard in neutral zone.
17:58 of 2nd period - Wrist shot by Evgeny Svechnikov.
17:58 of 2nd period - Shot Misses the Net.
18:13 of 2nd period - Minor Penalty to Evgeny Svechnikov for Boarding.
18:14 of 2nd period - Peter Cehlarik wins face-off versus Daniel O'regan in Heat zone.
18:24 of 2nd period - Wrist shot by Daniel O'regan.
18:24 of 2nd period - Shot Misses the Net.
18:26 of 2nd period - Slapshot by Wiley Sherman.
18:26 of 2nd period - Shot Misses the Net.
18:28 of 2nd period - Slapshot by Collin Miller.
18:28 of 2nd period - Stopped by Vitek Vanecek without a rebound.
18:29 of 2nd period - Daniel O'regan wins face-off versus Peter Cehlarik in Heat zone.
18:38 of 2nd period - Backhand shot by Joakim Nygard.
18:38 of 2nd period - Goal by Joakim Nygard - Little Stars : 3 - Heat : 2.
18:39 of 2nd period - Daniel O'regan wins face-off versus Nico Sturm in neutral zone.
18:44 of 2nd period - Snap shot by Daniel O'regan.
18:44 of 2nd period - Shot Misses the Net.
18:46 of 2nd period - Slapshot by Ilya Mikheyev.
18:46 of 2nd period - Stopped by Vitek Vanecek with a rebound.
18:54 of 2nd period - Wrist shot by Ilya Mikheyev.
18:54 of 2nd period - Stopped by Vitek Vanecek with a rebound.
19:00 of 2nd period - Minor Penalty to Nico Sturm for Roughing.
19:01 of 2nd period - Peter Cehlarik wins face-off versus Daniel O'regan in Heat zone.
19:23 of 2nd period - Icing by Ilya Mikheyev.
19:24 of 2nd period - Peter Cehlarik wins face-off versus Jason Dickinson in Little Stars zone.
Goals for this period are 3 for Little Stars vs 1 for Heat.
Shots for this period are 13 for Little Stars vs 6 for Heat.
3rd period
0:01 of 3rd period - Peter Cehlarik wins face-off versus Daniel O'regan in neutral zone.
0:10 of 3rd period - Slapshot by Collin Miller.
0:10 of 3rd period - Stopped by Vitek Vanecek without a rebound.
0:11 of 3rd period - Peter Cehlarik wins face-off versus Daniel O'regan in Heat zone.
0:53 of 3rd period - Wrist shot by Jason Dickinson.
0:53 of 3rd period - Goal by Jason Dickinson - Little Stars : 4 - Heat : 2.
0:54 of 3rd period - Ilya Mikheyev wins face-off versus Nico Sturm in neutral zone.
1:00 of 3rd period - Off-side.
1:01 of 3rd period - Nico Sturm wins face-off versus Daniel O'regan in neutral zone.
1:14 of 3rd period - Snap shot by Peter Cehlarik.
1:14 of 3rd period - Shot Misses the Net.
1:16 of 3rd period - Snap shot by Evgeny Svechnikov.
1:16 of 3rd period - Stopped by Danil Tarasov with a rebound.
1:18 of 3rd period - Slapshot by Petteri Lindbohm.
1:18 of 3rd period - Stopped by Danil Tarasov with a rebound.
1:20 of 3rd period - Snap shot by Nico Sturm.
1:20 of 3rd period - Goal by Nico Sturm - Little Stars : 4 - Heat : 3.
1:21 of 3rd period - Nico Sturm wins face-off versus Daniel O'regan in neutral zone.
2:40 of 3rd period - Wrist shot by Jonathan Dahlen.
2:40 of 3rd period - Stopped by Vitek Vanecek without a rebound.
2:41 of 3rd period - Nico Sturm wins face-off versus Daniel O'regan in Heat zone.
2:48 of 3rd period - Ilya Mikheyev is hit by Christian Jaros and loses puck.
2:55 of 3rd period - Snap shot by Peter Cehlarik.
2:55 of 3rd period - Shot Misses the Net.
2:57 of 3rd period - Wrist shot by Evgeny Svechnikov.
2:57 of 3rd period - Stopped by Danil Tarasov with a rebound.
3:07 of 3rd period - Brandon Hickey is hit by Matt Luff.
3:11 of 3rd period - Wrist shot by Shane Gersich.
3:11 of 3rd period - Shot Misses the Net.
3:31 of 3rd period - Slapshot by Rasmus Andersson.
3:31 of 3rd period - Deflect By Jason Dickinson.
3:31 of 3rd period - Goal by Rasmus Andersson - Little Stars : 4 - Heat : 4.
3:32 of 3rd period - Nico Sturm wins face-off versus Daniel O'regan in neutral zone.
3:32 of 3rd period - Minor Penalty to Nico Sturm for Cross-checking.
3:33 of 3rd period - Daniel O'regan wins face-off versus Peter Cehlarik in Heat zone.
5:32 of 3rd period - Penalty to Nico Sturm is over, Nico Sturm is back on ice.
6:03 of 3rd period - Snap shot by Rasmus Andersson.
6:03 of 3rd period - Deflect By Vladislav Kamenev.
6:03 of 3rd period - Shot Blocked by Jonathan Dahlen.
6:03 of 3rd period - Puck is out of play.
6:04 of 3rd period - Vladislav Kamenev wins face-off versus Filip Chytil in Little Stars zone.
6:05 of 3rd period - Backhand shot by Erik Brannstrom.
6:05 of 3rd period - Stopped by Danil Tarasov with a rebound.
6:34 of 3rd period - Slapshot by Erik Brannstrom.
6:34 of 3rd period - Stopped by Danil Tarasov without a rebound.
6:35 of 3rd period - Daniel O'regan wins face-off versus Evgeny Svechnikov in Little Stars zone.
7:23 of 3rd period - Shane Gersich is hit by Frank Corrado and loses puck.
7:50 of 3rd period - Slapshot by Frank Corrado.
7:50 of 3rd period - Shot Blocked by Reece Willcox.
7:52 of 3rd period - Wrist shot by Ryan Donato.
7:52 of 3rd period - Stopped by Danil Tarasov with a rebound.
7:54 of 3rd period - Slapshot by Erik Brannstrom.
7:54 of 3rd period - Shot Misses the Net.
8:46 of 3rd period - Ryan Spooner is hit by Joakim Nygard and loses puck.
9:03 of 3rd period - Cal Burke is hit by Eric Karlsson and loses puck.
9:08 of 3rd period - Slapshot by Rasmus Andersson.
9:08 of 3rd period - Stopped by Danil Tarasov with a rebound.
9:23 of 3rd period - Minor Penalty to Brandon Hickey for Interference.
9:24 of 3rd period - Peter Cehlarik wins face-off versus Daniel O'regan in Heat zone.
9:56 of 3rd period - Wrist shot by Shane Gersich.
9:56 of 3rd period - Stopped by Vitek Vanecek with a rebound.
10:05 of 3rd period - Icing by Collin Miller.
10:06 of 3rd period - Nico Sturm wins face-off versus Jason Dickinson in Little Stars zone.
10:19 of 3rd period - Snap shot by Jesper Bratt.
10:19 of 3rd period - Shot Misses the Net.
10:21 of 3rd period - Wrist shot by Jesper Bratt.
10:21 of 3rd period - Stopped by Danil Tarasov with a rebound.
10:41 of 3rd period - Snap shot by Ilya Mikheyev.
10:41 of 3rd period - Shot Hit the Post.
11:14 of 3rd period - Icing by Jason Dickinson.
11:15 of 3rd period - Ryan Donato wins face-off versus Jason Dickinson in Little Stars zone.
11:20 of 3rd period - Slapshot by Rasmus Andersson.
11:20 of 3rd period - Shot Blocked by Reece Willcox.
11:23 of 3rd period - Penalty to Brandon Hickey is over, Brandon Hickey is back on ice.
11:48 of 3rd period - Snap shot by Eric Karlsson.
11:48 of 3rd period - Stopped by Danil Tarasov with a rebound.
12:08 of 3rd period - Wrist shot by Evgeny Svechnikov.
12:08 of 3rd period - Stopped by Danil Tarasov with a rebound.
12:10 of 3rd period - Slapshot by Petteri Lindbohm.
12:10 of 3rd period - Deflect By Nico Sturm.
12:10 of 3rd period - Stopped by Danil Tarasov with a rebound.
12:14 of 3rd period - Wrist shot by Evgeny Svechnikov.
12:14 of 3rd period - Shot Misses the Net.
12:39 of 3rd period - Minor Penalty to Jesper Bratt for High sticking.
12:40 of 3rd period - Ilya Mikheyev wins face-off versus Peter Cehlarik in Heat zone.
12:51 of 3rd period - Wrist shot by Joakim Nygard.
12:51 of 3rd period - Stopped by Vitek Vanecek with a rebound.
12:53 of 3rd period - Wrist shot by Joakim Nygard.
12:53 of 3rd period - Shot Misses the Net.
12:55 of 3rd period - Wrist shot by Ilya Mikheyev.
12:55 of 3rd period - Stopped by Vitek Vanecek without a rebound.
12:56 of 3rd period - Daniel O'regan wins face-off versus Peter Cehlarik in Heat zone.
13:09 of 3rd period - Snap shot by Joakim Nygard.
13:09 of 3rd period - Shot Misses the Net.
13:27 of 3rd period - Wrist shot by Jason Dickinson.
13:27 of 3rd period - Shot Misses the Net.
13:31 of 3rd period - Wrist shot by Shane Gersich.
13:31 of 3rd period - Deflect By Jason Dickinson.
13:31 of 3rd period - Stopped by Vitek Vanecek without a rebound.
13:32 of 3rd period - Jason Dickinson wins face-off versus Nico Sturm in Heat zone.
13:37 of 3rd period - Snap shot by Jason Dickinson.
13:37 of 3rd period - Shot Blocked by Eric Karlsson.
13:39 of 3rd period - Snap shot by Evan Bouchard.
13:39 of 3rd period - Stopped by Vitek Vanecek with a rebound.
13:41 of 3rd period - Slapshot by Reece Willcox.
13:41 of 3rd period - Stopped by Vitek Vanecek with a rebound.
13:43 of 3rd period - Snap shot by Jason Dickinson.
13:43 of 3rd period - Stopped by Vitek Vanecek with a rebound.
13:45 of 3rd period - Wrist shot by Evan Bouchard.
13:45 of 3rd period - Goal by Evan Bouchard - Little Stars : 5 - Heat : 4.
13:46 of 3rd period - Nico Sturm wins face-off versus Daniel O'regan in neutral zone.
13:55 of 3rd period - Wrist shot by Evgeny Svechnikov.
13:55 of 3rd period - Shot Misses the Net.
14:13 of 3rd period - Joakim Nygard is hit by Rasmus Andersson and loses puck.
14:20 of 3rd period - Wrist shot by Taylor Raddysh.
14:20 of 3rd period - Shot Misses the Net.
14:22 of 3rd period - Slapshot by Rasmus Andersson.
14:22 of 3rd period - Stopped by Danil Tarasov without a rebound.
14:23 of 3rd period - Jason Dickinson wins face-off versus Ryan Spooner in Little Stars zone.
14:38 of 3rd period - Slapshot by Frank Corrado.
14:38 of 3rd period - Stopped by Danil Tarasov with a rebound.
14:58 of 3rd period - Wrist shot by Emile Poirier.
14:58 of 3rd period - Shot Misses the Net.
15:09 of 3rd period - Icing by Evgeny Svechnikov.
15:10 of 3rd period - Nico Sturm wins face-off versus Filip Chytil in Heat zone.
15:10 of 3rd period - Nico Sturm is hit by Filip Chytil.
15:26 of 3rd period - Slapshot by Eric Karlsson.
15:26 of 3rd period - Shot Misses the Net.
15:36 of 3rd period - Slapshot by Filip Chytil.
15:36 of 3rd period - Stopped by Vitek Vanecek with a rebound.
15:53 of 3rd period - Minor Penalty to Filip Chytil for Goalie Interference.
15:54 of 3rd period - Nico Sturm wins face-off versus Daniel O'regan in Little Stars zone.
16:02 of 3rd period - Slapshot by Rasmus Andersson.
16:02 of 3rd period - Stopped by Danil Tarasov with a rebound.
16:04 of 3rd period - Snap shot by Nico Sturm.
16:04 of 3rd period - Deflect By Jesper Bratt.
16:04 of 3rd period - Stopped by Danil Tarasov without a rebound.
16:05 of 3rd period - Daniel O'regan wins face-off versus Nico Sturm in Little Stars zone.
16:20 of 3rd period - Snap shot by Jesper Bratt.
16:20 of 3rd period - Goal by Jesper Bratt - Little Stars : 5 - Heat : 5.
16:21 of 3rd period - Eric Karlsson wins face-off versus Radel Fazleev in neutral zone.
16:53 of 3rd period - Wrist shot by Ilya Mikheyev.
16:53 of 3rd period - Shot Misses the Net.
16:55 of 3rd period - Slapshot by Daniel O'regan.
16:55 of 3rd period - Shot Misses the Net.
17:37 of 3rd period - Slapshot by Rasmus Andersson.
17:37 of 3rd period - Shot Misses the Net.
17:39 of 3rd period - Backhand shot by Vitali Kravtsov.
17:39 of 3rd period - Goal by Vitali Kravtsov - Little Stars : 5 - Heat : 6.
17:40 of 3rd period - Eric Karlsson wins face-off versus Radel Fazleev in neutral zone.
17:52 of 3rd period - Off-side.
17:53 of 3rd period - Ryan Donato wins face-off versus Radel Fazleev in neutral zone.
17:56 of 3rd period - Wiley Sherman is hit by Frank Corrado and loses puck.
18:07 of 3rd period - Wrist shot by Eric Karlsson.
18:07 of 3rd period - Stopped by Danil Tarasov with a rebound.
18:19 of 3rd period - Radel Fazleev is hit by Frank Corrado and loses puck.
18:26 of 3rd period - Wrist shot by Ryan Spooner.
18:26 of 3rd period - Stopped by Danil Tarasov without a rebound.
18:27 of 3rd period - Nico Sturm wins face-off versus Joakim Nygard in Little Stars zone.
18:43 of 3rd period - Off-side.
18:44 of 3rd period - Ryan Donato wins face-off versus Radel Fazleev in neutral zone.
18:53 of 3rd period - Little Stars, Danil Tarasov is pulled from the net.
19:14 of 3rd period - Snap shot by Daniel O'regan.
19:14 of 3rd period - Stopped by Vitek Vanecek with a rebound.
19:16 of 3rd period - Slapshot by Daniel O'regan.
19:16 of 3rd period - Stopped by Vitek Vanecek with a rebound.
19:18 of 3rd period - Snap shot by Wiley Sherman.
19:18 of 3rd period - Goal by Wiley Sherman - Little Stars : 6 - Heat : 6.
19:18 of 3rd period - Danil Tarasov from Little Stars was sent back in the game.
19:19 of 3rd period - Ryan Spooner wins face-off versus Radel Fazleev in neutral zone.
19:32 of 3rd period - Slapshot by Jesper Bratt.
19:32 of 3rd period - Deflect By Collin Miller.
19:32 of 3rd period - Stopped by Danil Tarasov with a rebound.
Goals for this period are 3 for Little Stars vs 4 for Heat.
Shots for this period are 15 for Little Stars vs 22 for Heat.
Overtime #1
0:01 of 1st overtime period - Peter Cehlarik wins face-off versus Ilya Mikheyev in neutral zone.
0:16 of 1st overtime period - Snap shot by Ilya Mikheyev.
0:16 of 1st overtime period - Deflect By Daniel O'regan.
0:16 of 1st overtime period - Shot Misses the Net.
0:16 of 1st overtime period - Puck is out of play.
0:17 of 1st overtime period - Ilya Mikheyev wins face-off versus Evgeny Svechnikov in Heat zone.
0:32 of 1st overtime period - Snap shot by Peter Cehlarik.
0:32 of 1st overtime period - Deflect By Evgeny Svechnikov.
0:32 of 1st overtime period - Stopped by Danil Tarasov with a rebound.
0:42 of 1st overtime period - Rasmus Andersson is hit by Wiley Sherman and loses puck.
0:51 of 1st overtime period - Snap shot by Joakim Nygard.
0:51 of 1st overtime period - Goal by Joakim Nygard - Little Stars : 7 - Heat : 6.
Goals for this period are 1 for Little Stars vs 0 for Heat.
Shots for this period are 1 for Little Stars vs 1 for Heat.